 Dungeon Crawl Stone Soup version 0.27-a0-1431-gcffa5a9b16 (webtiles) character file.

Game seed: 15009199869255296535

731 epicjoe the Skirmisher (level 7, -2/84 HPs)
             Began as a Merfolk Berserker on July 1, 2021.
             Was a Believer of Trog.
             Slain by a killer bee (3 damage)
             ... on level 5 of the Dungeon on July 2, 2021.
             The game lasted 00:19:43 (4870 turns).

epicjoe the Skirmisher (Merfolk Berserker)          Turns: 4870, Time: 00:19:44

Health: -2/84      AC: 10    Str: 19    XL:     7   Next: 73%
Magic:  7/7        EV:  8    Int:  6    God:    Trog [**....]
Gold:   135        SH:  0    Dex: 14    Spells: 6/6 levels left

rFire    . . .     SeeInvis .   l - +0 morningstar
rCold    . . .     Faith    .   (no shield)
rNeg     . . .     Spirit   .   c - +0 chain mail
rPois    .         Reflect  .   (no helmet)
rElec    .         Harm     .   (no cloak)
rCorr    .         Rampage  .   i - +0 pair of gloves
Will     .....                  (no boots)
Stlth    ..........             (no amulet)
HPRegen  0.24/turn              (no ring)
MPRegen  0.10/turn              (no ring)

@: berserking (expiring), lethally poisoned (-2 -> -22), very quick
A: (nimble swimmer 2), mertail
a: Renounce Religion, Berserk, Trog's Hand


You were on level 5 of the Dungeon.
You worshipped Trog.
Trog was pleased with you.
You visited 1 branch of the dungeon, and saw 5 of its levels.

You collected 135 gold pieces.

Inventory:

Hand Weapons
 a - a +0 hand axe
 l - a +0 morningstar (weapon)
Missiles
 e - 51 sling bullets
 q - 3 boomerangs
Armour
 b - a +0 animal skin
 c - a +0 chain mail (worn)
 i - a +0 pair of gloves (worn)
Jewellery
 g - a ring of magical power
 p - an amulet of magic regeneration
Wands
 o - a wand of acid (18) (quivered)
Scrolls
 f - 3 scrolls of teleportation {unknown}
 h - 2 scrolls of fog {unknown}
 k - a scroll of magic mapping {unknown}
 n - 4 scrolls of identify {unknown}
Potions
 d - a potion of flight {unknown}
 j - a potion of curing {unknown}
 m - a potion of berserk rage {unknown}


   Skills:
 + Level 5.3 Fighting
 + Level 3.4(4.1) Axes
 + Level 3.2(4.0) Maces & Flails
 + Level 3.8 Armour
 + Level 3.6 Dodging
 + Level 0.2 Stealth


You had 6 spell levels left.
You didn't know any spells.
Your spell library was empty.

Dungeon Overview and Level Annotations

Branches:
Dungeon (5/15)             Temple (0/1) D:5

Altars:
Nemelex Xobeh
Okawaru
Uskayaw


Innate Abilities, Weirdness & Mutations

((You are quick and stealthy near water. (Stealth+, EV+, Speed+++)))
Your lower body shifts to a powerful aquatic tail in water.


Message History

The killer bee is severely wounded.
You feel sick. The killer bee closely misses you.
The killer bee stings you but does no damage.
The killer bee closely misses you.
You puncture the killer bee!
You kill the killer bee!
Trog accepts your kill.
You feel sick.
The killer bee stings you but does no damage.
The killer bee stings you.
* * * LOW HITPOINT WARNING * * *
You barely miss the killer bee.
You feel sick.
The killer bee stings you but does no damage.
The killer bee stings you.
* * * LOW HITPOINT WARNING * * *
You barely miss the killer bee.
You feel sick.
The killer bee stings you but does no damage. x2
The killer bee barely misses you.
The killer bee stings you but does no damage.
You completely miss the killer bee.
You feel sick. The killer bee barely misses you. The killer bee stings you.
* * * LOW HITPOINT WARNING * * *
You are more poisoned.
The killer bee poisons you! The killer bee stings you.
* * * LOW HITPOINT WARNING * * *
The killer bee stings you.
* * * LOW HITPOINT WARNING * * *
You are more poisoned.
The killer bee poisons you!
The killer bee stings you but does no damage.
You barely miss the killer bee.
* * * LOW HITPOINT WARNING * * *
You feel very sick. The killer bee completely misses you.
The killer bee stings you but does no damage.
The killer bee stings you.
* * * LOW HITPOINT WARNING * * *
You are more poisoned.
The killer bee poisons you! The killer bee stings you.
You die...

............ ... #.....# ..#
#. #. .. . #..>..###..#
.###.##.y ....#.....#...#
......y. #...........#
#.##.#.# #....###...##
#.##.y.# #.....#.....##
##.###$.# #
#.##.(#.....y####..)##..####.
...
+........@yyy.........)>.. ..
#........y####.......###.#
##.......## ##.###.###.##
##.....## ### #.##.## ##...##
#.###.## ##†## .#. ##.# #.# #
# ##. #.# ## #<# #


You could see 5 killer bees.

Vanquished Creatures
  2 necrophages (D:4)
  An ogre (D:4)
  A water moccasin zombie (D:3)
  A killer bee (D:5)
  2 bullfrog zombies (D:5)
  3 hounds
  Natasha (thrice) (D:2)
  An orc wizard (D:5)
  5 adders
  A white imp (D:5)
  A worm (D:3)
  3 dart slugs
  8 orcs
  4 ball pythons
  3 giant cockroaches (D:1)
  8 goblins
  4 hobgoblins
  4 quokkas
  3 bats (D:1)
  2 frilled lizards
  4 kobolds
  4 rats
68 creatures vanquished.

Vanquished Creatures (others)
  54 plants (D:2)
54 creatures vanquished.

Grand Total: 122 creatures vanquished

Notes
Turn   | Place    | Note
-------+----------+-------------------------------------------
     0 | D:1      | epicjoe the Merfolk Berserker began the quest for the Orb.
     0 | D:1      | Reached XP level 1. HP: 18/18 MP: 1/1
   231 | D:1      | Reached XP level 2. HP: 18/24 MP: 2/2
   745 | D:2      | Found a faded altar of an unknown god.
   789 | D:1      | Reached XP level 3. HP: 3/30 MP: 3/3
  1773 | D:2      | Upgraded the game from 0.27-a0-1416-g941b2bd30b to
                  | 0.27-a0-1431-gcffa5a9b16
  1803 | D:2      | Noticed Natasha
  1820 | D:2      | Killed Natasha
  1821 | D:2      | Reached XP level 4. HP: 15/37 MP: 4/4
  2060 | D:2      | Noticed Natasha
  2072 | D:2      | Killed Natasha
  2073 | D:2      | Reached skill level 4 in Fighting
  2345 | D:2      | Noticed Natasha
  2354 | D:2      | Killed Natasha
  2355 | D:2      | Reached XP level 5. HP: 27/42 MP: 5/5
  3666 | D:3      | Found an iron altar of Okawaru.
  3920 | D:4      | Reached XP level 6. HP: 47/49 MP: 6/6
  4054 | D:4      | Found a hide-covered altar of Uskayaw.
  4215 | D:4      | Reached skill level 1 in Maces & Flails
  4435 | D:5      | Entered Level 5 of the Dungeon
  4435 | D:5      | Noticed a necrophage
  4448 | D:4      | Killed a necrophage
  4448 | D:4      | Reached ** piety under Trog
  4449 | D:4      | Reached skill level 5 in Fighting
  4449 | D:4      | Reached XP level 7. HP: 56/56 MP: 7/7
  4554 | D:4      | Found a sparkling altar of Nemelex Xobeh.
  4691 | D:5      | Found a staircase to the Ecumenical Temple.
  4870 | D:5      | HP: 4/84 [poisoned by a killer bee]
  4870 | D:5      | HP: 1/84 [killer bee (3)]
  4870 | D:5      | Slain by a killer bee

Illustrated notes

Levels and vault maps discovered:
D:1:      minmay_arrival_doors, layout_basic
D:2:      layout_loops_corners, serial_bayou, serial_bayou_pond_a,
          serial_bayou_lagoon_a, serial_bayou_shore_b, serial_bayou_crossing,
          serial_bayou_pond_a, serial_bayou_pond_e,
          ebering_ecumenical_altar_box, uniq_natasha
D:3:      layout_rooms, okawaru_gym_becter
D:4:      layout_loops_ring, marbit_many_paths, lemuel_tele_altar,
          gammafunk_temple_overflow_statue, corexii_hall_statues_i, uniq_edmund
D:5:      layout_loops_corners, minmay_temple_entry_tees, uniq_pikel

Skill      XL: |  1  2  3  4  5  6  7 |
---------------+----------------------+-----
Axes           | 3 |  3.4
Dodging        | 3 |  3.6
Armour         | 2 3 |  3.8
Fighting       | 4 5 |  5.3
Maces & Flails | 2 3 |  3.2
Stealth        | |  0.2

Action                   |  1- 3 |  4- 6 |  7- 9 || total
-------------------------+-------+-------+-------++-------
Melee: Hand axe          |   101 |   120 |       ||   221
       Tailslap          |       |    20 |       ||    20
       Morningstar       |       |    55 |    59 ||   114
Invok: Berserk           |     1 |     1 |     1 ||     3
Armor: Chain mail        |    54 |    56 |    59 ||   169
       Animal skin       |     1 |       |       ||     1
Dodge: Dodged            |    54 |    39 |    40 ||   133

Table legend: (Time is in decaauts)
 A = Elapsed time spent in this place.
 B = Non-inter-level travel time spent in this place.
 C = Inter-level travel time spent in this place.
 D = Time resting spent in this place.
 E = Time spent auto-exploring this place.
 F = Levels seen in this place.
 G = Mean time per level.
                   A        B        C        D        E       F      G
               +--------+--------+--------+--------+--------+-----+--------+
         Total |   4916 |   3887 |   1029 |   1563 |    170 |   5 |  983.2 |
       Dungeon |   4916 |   3887 |   1029 |   1563 |    170 |   5 |  983.2 |
               +--------+--------+--------+--------+--------+-----+--------+

Top non-repeatable levels by time:
     D:2: 1634 daAuts
     D:1: 1306 daAuts
     D:3: 959 daAuts
     D:4: 758 daAuts
     D:5: 257 daAuts
